Selects Australian Defense Battlegroup
Selects Australian Light Infantry Section
Selects Australian Light Infantry Section
Australian Light Infantry Section
Construct Section Command Post
Selects 2-pounder Anti-tank Gun Team
2-pounder Anti-tank Gun Team
Construct Platoon Command Post
Australian Light Infantry Section
Construct Company Command Post
Unlock M3 Stuart Light Tanks
Selects CMP 15cwt Supply Run
Selects Reinforced Resource Caches
2-pounder Anti-tank Gun Team